AoeStats
← Matouš10CZ

Arena

510393635Analyzed
4v4 RM · 20h ago on Sep 30, 2026· 71m 51s· 8 players
Game mode
Random Map
Map size
Large (8 player)
Population
200
Speed
Normal
Resources
Standard
Victory
Conquest
Starting age
Dark Age
Ending age
Imperial Age
RankedLock teamsTeams togetherTeam positionsShared explorationLock speedFull tech treeHidden civsTurbo modeCheats
Victory
Defeat
🇧🇷 Bohemians · Brazil
812
+12
🇨🇿 Britons · Czechia
639
+19
🇫🇷 Bohemians · France
639
+19
🇺🇸 Poles · United States
612
+19
🇪🇸 Poles · Spain
737
-19
🇩🇪 Persians · Germany
713
-18
🇺🇸 Teutons · United States
708
-17
🇩🇪 Danes · Germany
647
-15
stinkelton7
11:31 Feudal Age
13:13 Loom
15:44 Castle Age
13:36 Double-Bit Axe
16:11 Arson
17:09 Horse Collar
23:53 Gambesons
30:49 Wheelbarrow
30:05 Town Watch
35:02 Imperial Age
32:36 Heavy Plow
32:58 Squires
34:50 Forging
34:41 Scale Mail Armor
35:53 Hand Cart
35:57 Bow Saw
36:08 Bow Saw
35:28 Onager
38:58 Siege Engineers
39:55 Chemistry
42:30 Elite Varangian Guard
44:04 Iron Casting
43:44 Chain Mail Armor
46:56 Caravan
49:40 Plate Mail Armor
50:11 Siege Onager
51:18 Conscription
55:23 Northmen's Fury
58:58 Pikeman
F o r k B e a r d
9:07 Loom
12:13 Feudal Age
16:22 Castle Age
14:57 Double-Bit Axe
14:55 Horse Collar
16:26 Wheelbarrow
18:53 Bow Saw
27:05 Heavy Plow
29:30 Fortified Wall
31:55 Imperial Age
29:44 Hand Cart
29:15 Town Watch
29:53 Ballistics
29:41 Stone Mining
31:21 Caravan
32:29 Town Patrol
34:20 Scale Barding Armor
34:26 Forging
33:50 Cavalier
34:41 Bloodlines
34:33 Scale Mail Armor
34:35 Gold Mining
35:20 Stone Shaft Mining
35:17 Crop Rotation
35:54 Chain Barding Armor
35:44 Arrowslits
36:10 Masonry
35:24 Paladin
37:30 Two-Man Saw
38:27 Plate Barding Armor
38:28 Iron Casting
39:43 Chain Mail Armor
40:16 Conscription
40:20 Crenellations
40:36 Hoardings
43:19 Chemistry
46:30 Guard Tower
47:37 Ironclad
46:38 Elite Teutonic Knight
54:52 Heavy Scorpion
63:40 Blast Furnace
63:11 Plate Mail Armor
Dr Noob Killer 82
15:27 Feudal Age
17:52 Gold Mining
17:54 Stone Mining
17:50 Double-Bit Axe
17:46 Horse Collar
22:00 Castle Age
22:20 Wheelbarrow
24:50 Bow Saw
25:56 Husbandry
25:46 Arson
25:22 Pikeman
26:03 Squires
31:59 Imperial Age
32:02 Hand Cart
31:50 Elite War Elephant
32:31 Kamandaran
35:17 Thumb Ring
34:49 Crossbowman
36:06 Caravan
36:18 Halberdier
38:05 Heavy Scorpion
40:23 Elite Skirmisher
61:21 Chemistry
60:24 Padded Archer Armor
60:14 Fletching
60:35 Forging
60:25 Scale Mail Armor
60:31 Scale Barding Armor
61:31 Two-Man Saw
60:36 Heavy Plow
spreweel
2:41 Loom
11:34 Feudal Age
13:24 Wheelbarrow
12:36 Double-Bit Axe
12:33 Horse Collar
12:47 Gold Mining
17:34 Stone Mining
22:57 Castle Age
21:54 Scale Mail Armor
22:05 Forging
21:47 Fletching
23:51 Scale Barding Armor
23:55 Heavy Plow
24:13 Hand Cart
23:44 Town Watch
24:28 Bow Saw
26:04 Bodkin Arrow
25:40 Pikeman
27:05 Bloodlines
29:31 Chain Mail Armor
29:13 Town Watch
30:09 Caravan
30:45 Szlachta Privileges
33:41 Iron Casting
38:11 Padded Archer Armor
40:49 Imperial Age
39:32 Elite Skirmisher
41:03 Leather Archer Armor
42:06 Crop Rotation
41:42 Bracer
42:53 Chemistry
42:14 Ballistics
44:05 Masonry
44:30 Plate Mail Armor
45:41 Conscription
47:25 Stone Shaft Mining
47:24 Town Patrol
51:38 Blast Furnace
52:39 Light Cavalry
53:43 Lechitic Legacy
53:59 Hoardings
53:37 Elite Obuch
56:34 Winged Hussar
65:28 Chain Barding Armor
65:20 Husbandry
Matouš10CZ
0:33 Loom
10:53 Feudal Age
17:18 Castle Age
17:50 Double-Bit Axe
19:55 Horse Collar
21:52 Wheelbarrow
21:59 Double-Bit Axe
22:07 Gold Mining
23:46 Padded Archer Armor
23:38 Fletching
24:23 Heavy Plow
25:06 Leather Archer Armor
25:23 Bow Saw
26:54 Hand Cart
26:50 Town Watch
27:26 Caravan
36:35 Imperial Age
36:39 Elite Longbowman
37:46 Yeomen
40:06 Ballistics
39:44 Murder Holes
39:40 Heated Shot
39:30 Treadmill Crane
39:37 Arrowslits
40:54 Chemistry
39:45 Guard Tower
44:49 Two-Man Saw
43:11 Crossbowman
43:11 Elite Skirmisher
49:05 Hoardings
48:01 Sappers
48:52 Conscription
48:33 Warwolf
57:04 Man-at-Arms
57:29 Gambesons
57:45 Squires
57:05 Pikeman
57:30 Arson
57:08 Arbalester
57:09 Cranequins
59:28 Halberdier
60:45 Ring Archer Armor
61:02 Gold Shaft Mining
60:18 Stone Mining
67:43 Long Swordsman
carlosauberto
0:29 Loom
11:44 Feudal Age
13:01 Wheelbarrow
12:22 Double-Bit Axe
12:33 Horse Collar
17:00 Arson
21:31 Castle Age
24:20 Bow Saw
24:11 Heavy Plow
27:28 Fervor
28:03 Fletching
28:37 Ballistics
30:48 Caravan
34:39 Chemistry
33:35 Murder Holes
33:51 Fortified Wall
33:33 Pikeman
34:13 Squires
37:17 Imperial Age
35:30 Fortified Wall
35:11 Guard Tower
36:42 Bodkin Arrow
36:48 Padded Archer Armor
36:58 Forging
36:53 Scale Barding Armor
36:50 Scale Mail Armor
38:49 Arrowslits
41:59 Bracer
42:14 Leather Archer Armor
42:34 Iron Casting
42:14 Chain Mail Armor
47:15 Halberdier
50:21 Atonement
50:37 Block Printing
58:28 Coinage
58:05 Siege Engineers
58:11 Careening
58:11 Masonry
58:23 Bombard Tower
66:56 Leather Archer Armor
67:16 Iron Casting
67:11 Plate Mail Armor
67:01 Chain Barding Armor
67:02 Houfnice
69:47 Two-Man Saw
68:56 Wagenburg Tactics
68:12 Elite Hussite Wagon
68:57 Hussite Reforms
69:13 Conscription
69:06 Clinker Construction
69:23 Illumination
alexisben78
0:44 Loom
11:02 Feudal Age
11:29 Double-Bit Axe
18:44 Castle Age
18:44 Forging
19:25 Man-at-Arms
21:33 Long Swordsman
23:36 Bow Saw
25:50 Light Cavalry
29:10 Chemistry
28:44 Crossbowman
30:01 Murder Holes
30:16 Pikeman
36:43 Imperial Age
36:50 Elite Hussite Wagon
46:23 Halberdier
49:46 Fletching
49:57 Scale Mail Armor
54:39 Bodkin Arrow
58:50 Houfnice
68:48 Town Watch
69:06 Padded Archer Armor
69:07 Bracer
69:29 Ballistics
Looting
2:42 Loom
12:52 Feudal Age
14:07 Horse Collar
18:59 Castle Age
18:06 Double-Bit Axe
19:04 Forging
20:04 Scale Barding Armor
21:15 Light Cavalry
21:59 Scale Mail Armor
29:10 Imperial Age
26:57 Stone Mining
28:09 Bow Saw
28:43 Fletching
32:26 Conscription
33:20 Wheelbarrow
33:00 Gold Mining
33:20 Husbandry
34:34 Winged Hussar
36:22 Heavy Plow
41:00 Chain Barding Armor
43:11 Lechitic Legacy
43:08 Fortified Wall
42:58 Murder Holes
43:12 Bodkin Arrow
47:28 Iron Casting
50:11 Bloodlines
51:17 Crossbowman
54:24 Chemistry
54:05 Hoardings
54:22 Arbalester
55:11 Thumb Ring
56:03 Pikeman
58:43 Blast Furnace
57:44 Padded Archer Armor
57:46 Bracer
64:41 Crop Rotation
65:53 Elite Skirmisher
70:53 Heavy Mounted Crossbowman
72:00 Ballistics
Connection lost

Rejoining the realm…

Still unreachable

The connection could not be restored.

Session expired

The server has moved on; the page needs a fresh start.